Map: Catalyst LE

Players

BladeQueen - Winner!

  • Race: Zerg Zerg
  • Spawn Location: 11:00

Lesmester

  • Race: Zerg Zerg
  • Spawn Location: 5:00

VOD

Have the link to the VOD?

Description

Time

  • Played on: May 19, 2018, 6:15 a.m.
  • Length: 8:43
Show
View Real Time Build Order
Export as new Build Order

BladeQueen Zerg - Winner!

Build Orders: Pool First 

Get SALT Encoding   

  12  0:02  Drone  
  13  0:13  Overlord  
  13  0:20  Drone  
  14  0:32  Drone x2  
  16  0:36  Drone  
  17  0:48  Spawning Pool  
  16  0:51  Drone  
  17  1:00  Drone  
  18  1:13  Drone  
  18  1:17  Extractor  
  18  1:19  Extractor  
  17  1:27  Drone  
  17  1:32  Drone  
  19  1:35  Hatchery  
  18  1:43  Queen  
  20  1:53  Overlord  
  20  1:59  Drone  
  21  2:12  Drone  
  21  2:14  Drone  
  23  2:24  Drone  
  24  2:42  Drone  
  25  2:50  Queen  
  25  2:51  Hatchery  
  26  3:01  Drone x3  
  26  3:04  Drone  
  30  3:16  Drone x3  
  33  3:20  Overlord  
  33  3:32  Drone x3  
  36  3:35  Overlord  
  36  3:41  Drone  
  36  3:42  Drone x2  
  36  3:44  Drone  
  40  3:51  Drone  
  40  3:53  Drone  
  42  4:01  Drone x2  
  42  4:02  Drone x4  
  48  4:21  Extractor  
  48  4:22  Extractor  
  46  4:27  Drone x7  
  46  4:28  Drone  
  46  4:29  Overlord  
  54  4:32  Queen  
  54  4:35  Queen  
  54  4:37  Overlord  
  58  4:51  Lair  
  58  4:53  Metabolic Boost  
  58  4:57  Drone x5  
  58  4:58  Drone x4  
  67  5:19  Queen  
  69  5:21  Drone x2  
  69  5:22  Drone x2  
  69  5:24  Drone  
  69  5:25  Extractor x2  
  69  5:27  Drone  
  73  5:28  Drone  
  73  5:30  Overlord x2  
  73  5:31  Overlord  
  74  5:49  Drone x3  
  77  6:08  Hatchery  
  76  6:40  Drone x5  
  76  6:41  Drone x7  
  76  6:42  Drone x6  
  76  6:43  Drone  
  95  6:48  Overlord x2  
  95  7:24  Queen  
  95  7:25  Overlord x2  
  95  7:26  Drone x2  
  99  7:32  Extractor x2  
  99  7:33  Drone x3  
  99  7:35  Drone x3  
  103  7:54  Hatchery  
  103  7:57  Overlord x2  
  100  8:20  Overlord x2  
  100  8:22  Drone x9  
  100  8:23  Drone x9  
Show
View Real Time Build Order
Export as new Build Order

Lesmester Zerg 

Build Orders: Hatch First 

Get SALT Encoding   

  12  0:01  Drone  
  13  0:12  Overlord  
  13  0:17  Drone  
  14  0:31  Drone x2  
  16  0:35  Drone  
  17  0:52  Hatchery  
  17  0:56  Drone  
  17  0:59  Extractor  
  17  1:00  Drone  
  17  1:14  Spawning Pool  
  16  1:20  Drone x2  
  18  1:28  Drone  
  19  1:39  Drone  
  20  1:49  Overlord  
  20  2:03  Metabolic Boost  
  20  2:06  Queen, Zergling x4  
  24  2:09  Queen  
  26  2:22  Drone x3  
  29  2:38  Hatchery  
  28  2:46  Queen  
  30  2:52  Queen  
  32  3:01  Overlord, Drone  
  32  3:05  Overlord  
  33  3:17  Drone x2  
  33  3:18  Drone  
  36  3:24  Queen  
  36  3:26  Drone x2  
  40  3:29  Drone x2  
  42  3:36  Queen  
  44  3:44  Overlord  
  44  3:46  Drone x2  
  44  3:47  Drone  
  47  3:51  Extractor  
  47  3:52  Extractor  
  45  4:00  Lair  
  45  4:03  Drone x3  
  45  4:08  Queen  
  50  4:20  Drone x4  
  50  4:22  Evolution Chamber  
  53  4:25  Evolution Chamber  
  53  4:30  Drone  
  53  4:31  Drone x4  
  57  4:39  Drone x2  
  57  4:40  Drone x3  
  57  4:41  Drone  
  63  4:49  Spore Crawler  
  63  4:52  Baneling Nest  
  61  4:53  Spore Crawler  
  61  4:54  Extractor  
  61  4:55  Drone x2  
  61  4:57  Drone  
  62  5:00  Drone  
  63  5:12  Overlord x2  
  63  5:22  Zerg Melee Weapons Level 1  
  63  5:23  Zerg Ground Armor Level 1  
  63  5:26  Hydralisk Den, Zergling x8  
  66  5:36  Zergling x14  
  66  5:40  Centrifical Hooks  
  73  5:44  Drone x3  
  73  5:45  Drone  
  73  5:46  Drone  
  78  5:55  Muscular Augments  
  78  5:57  Zergling x6  
  81  6:17  Overlord x3  
  81  6:20  Drone, Extractor  
  81  6:21  Drone x2, Extractor  
  82  6:31  Overlord  
  82  6:32  Overlord  
  82  6:37  Hatchery  
  81  6:44  Infestation Pit, Hydralisk x4  
  81  6:45  Hydralisk, Zergling x2  
  81  6:46  Zergling x2  
  92  6:47  Baneling x2  
  92  6:48  Baneling  
  92  6:49  Baneling  
  92  6:50  Baneling  
  92  7:04  Drone x4  
  92  7:05  Drone x5  
  92  7:06  Drone x3  
  92  7:07  Grooved Spines  
  104  7:10  Baneling x5  
  104  7:11  Baneling  
  104  7:17  Overlord x2  
  104  7:27  Hydralisk x2  
  104  7:28  Hydralisk, Zergling x6  
  113  7:45  Hydralisk x5, Zergling x6  
  113  7:46  Zergling x2  
  127  8:03  Hydralisk, Zergling x2  
  127  8:04  Zergling x2  
  131  8:06  Hydralisk  
  131  8:07  Zergling x2  
  131  8:09  Overlord  
  134  8:15  Hydralisk x2  
  134  8:16  Zergling x4  
Tags
 
Matchup
ZvZ
Race
Zerg
Spawn Locations
Cross Positions
Add a new tag
Caveats
  • Supply blocks, unpowered buildings, or Contaminate may cause inaccurate times.
  • Supply counts are checked every 10 seconds.